 Dungeon Crawl Stone Soup version 0.27-a0-1144-g0b7d3b79db (webtiles) character file.

Game seed: 4018785105627986869

205 sanka the Ducker (level 5, -4/40 HPs)
             Began as a Djinni Gladiator on May 10, 2021.
             Was a Follower of the Shining One.
             Slain by a wight
             ... wielding a +0 hand axe
              (11 damage)
             ... on level 2 of the Dungeon.
             The game lasted 00:02:23 (1404 turns).

sanka the Ducker (Djinni Gladiator)                 Turns: 1404, Time: 00:02:25

Health: -4/40      AC:  4    Str: 13    XL:     5   Next: 83%
Gold:   26         EV: 13    Int: 11    God:    the Shining One [*.....] SH:  0 Dex: 14

rFire    + + .     SeeInvis .   a - +0 scimitar
rCold    x . .     Faith    .   (no shield)
rNeg     . . .     Spirit   .   b - +0 leather armour
rPois    ∞         Reflect  .   c - +0 helmet
rElec    .         Harm     .   (no cloak)
rCorr    .         Rampage  .   (no gloves)
Will     .....                  (boots unavailable)
Stlth    +.........             f - amulet of the acrobat
HPRegen  0.13/turn              (no ring)
MPRegen  0.00/turn              (no ring)

@: flying, glowing
A: sickness immunity, fire resistance 2, cold vulnerability 1, float, innate
caster, hp casting, extra vitality 1
a: Renounce Religion


You were on level 2 of the Dungeon.
You worshipped the Shining One.
The Shining One was aware of your devotion.
You visited 1 branch of the dungeon, and saw 2 of its levels.

You collected 26 gold pieces.


Innate Abilities, Weirdness & Mutations

You are immune to sickness and miasma.
You are immune to poison.
Your flesh is very heat resistant. (rF++)
You are vulnerable to cold. (rC-)
You float through the air rather than walking.
You learn spells naturally, not from books.
Your magical power is your life essence.
You have superior vitality. (+4 HP)


   Skills:
 + Level 3.0 Fighting
 + Level 3.4 Long Blades
 - Level 1.5 Throwing
 + Level 4.2 Dodging
 + Level 2.7 Spellcasting


You had 6 spell levels left.
You knew the following spells:

 Your Spells              Type           Power      Damage    Failure   Level
y - Poisonous Vapours     Pois/Air       14%        N/A       17%         2
z - Sting                 Tmut/Pois      28%        1d4       11%         1
Your spell library was empty.

Inventory:

Hand Weapons
 a - a +0 scimitar (weapon)
Armour
 b - a +0 leather armour (worn)
 c - a +0 helmet (worn)
Jewellery
 f - an amulet of the acrobat (around neck)
Scrolls
 g - a scroll of immolation {unknown}
 i - a scroll of amnesia {unknown}
 j - 2 scrolls of teleportation {unknown}
Potions
 e - a potion of brilliance {unknown}
 h - 2 potions of curing {unknown}

Dungeon Overview and Level Annotations

Branches:
Dungeon (2/15)

Altars:
The Shining One

....▒ .▒ ▒....▒.▒▒.▒▒▒..
▒.▒.▒▒▒.▒▒▒▒.▒▒▒.▒▒†▒▒▒..
▒.▒.......▒▒.. ..▒▒......
▒.......▒.▒▒▒▒▒▒▒▒▒▒.▒▒▒▒ ▒▒
▒....... .. ▒▒▒ ▒▒.▒▒
...▒▒▒▒.▒?.▒.. .▒ .▒.. ▒...▒
..........▒..▒.▒ .▒▒▒.▒▒▒.[▒
.▒▒.z....▒..z.▒▒..▒...▒...▒
▒.▒.▒.▒▒..R▒▒.▒ ..▒.(.▒.▒▒
▒▒▒.▒......).▒.▒▒▒.▒▒▒.▒▒▒.▒
▒.....▒▒▒▒......▒...▒...▒..▒
▒.....▒ ▒▒▒..▒...▒...▒...▒.
▒.....▒ ▒.▒▒▒.▒▒▒.▒▒▒.▒▒▒▒
▒..)†.▒ ▒..▒...▒...▒...▒.▒
▒..<..▒ ▒▒....▒...▒...▒..▒
▒▒▒▒▒▒▒ ▒....▒▒▒.▒▒▒.▒▒▒.▒
▒.▒...▒...▒...▒.▒▒


You could see a wight.


Message History

The wight is severely damaged.
The wight hits you with a +0 mace.
You hit the wight.
The wight is almost destroyed.
The wight hits you with a +0 mace!
* * * LOW HITPOINT WARNING * * *
You slash the wight!
You destroy the wight!
The Shining One accepts your kill.
Your Fighting skill increases to level 3!
Things that are here:
a +0 mace; a +0 robe You barely miss the wight.
The wight closely misses you.
You hit the wight.
The wight is lightly damaged.
The wight hits you with a +0 hand axe.
* * * LOW HITPOINT WARNING * * *
You hit the wight.
The wight is heavily damaged.
The wight misses you. The wight hits you with a +0 hand axe.
* * * LOW HITPOINT WARNING * * *
You barely miss the wight.
The wight is heavily damaged.
The wight closely misses you.
You barely miss the wight.
The wight is heavily damaged.
The wight hits you with a +0 hand axe!
You die...

Action                   |  1- 3 |  4- 6 || total
-------------------------+-------+-------++-------
Melee: Long sword        |    68 |       ||    68
       Scimitar          |       |    33 ||    33
Throw: Throwing net      |     1 |     2 ||     3
 Stab: Held in net/web   |     1 |       ||     1
       Sleeping          |     1 |       ||     1
Armor: Leather armour    |    19 |     2 ||    21
Dodge: Dodged            |    58 |    19 ||    77
       Rpst.: Long sword |    18 |       ||    18
       Scimitar          |       |     8 ||     8

Levels and vault maps discovered:
D:1:      dpeg_arrival_simpleton_c, layout_basic, bh_walls_and_bars
D:2:      layout_loops_cross, basic_ecumenical_altar, serial_shops, shop,
          serial_bayou_pond_d, kennysheep_doodads, hangedman_decor_push,
          st_stairs_11

Notes
Turn   | Place    | Note
-------+----------+-------------------------------------------
     0 | D:1      | sanka the Djinni Gladiator began the quest for the Orb.
     0 | D:1      | Reached XP level 1. HP: 18/18 MP: 0/0
   273 | D:1      | Reached XP level 2. HP: 23/23 MP: 0/0
   636 | D:1      | Reached skill level 3 in Long Blades
   636 | D:1      | Reached XP level 3. HP: 19/29 MP: 0/0
   636 | D:1      | Learned a level 1 spell: Sting
   888 | D:1      | Reached skill level 1 in Spellcasting
   989 | D:1      | Reached skill level 2 in Spellcasting
   989 | D:1      | Reached XP level 4. HP: 34/34 MP: 0/0
  1266 | D:2      | Found a faded altar of an unknown god.
  1273 | D:2      | Became a worshipper of the Shining One
  1273 | D:2      | Reached * piety under the Shining One
  1289 | D:2      | Reached XP level 5. HP: 34/39 MP: 0/0
  1289 | D:2      | Learned a level 2 spell: Poisonous Vapours
  1395 | D:2      | Reached skill level 4 in Dodging
  1399 | D:2      | Reached skill level 3 in Fighting
  1404 | D:2      | Slain by a wight

Vanquished Creatures
  4 wights
  An adder (D:2)
  A worm (D:2)
  4 ball pythons
  3 bats (D:1)
  4 goblins (D:1)
  4 hobgoblins (D:1)
  2 jackals (D:2)
  A frilled lizard (D:1)
  5 kobolds (D:1)
  8 rats
37 creatures vanquished.
